 Dungeon Crawl Stone Soup version 0.19.1-1-g22dce08 (webtiles) character file.

194 HessuHobo the Conjurer (level 5, -3/28 HPs)
             Began as a Deep Elf Conjurer on Dec 28, 2016.
             Slain by an orc
             ... wielding a +0 trident
              (9 damage)
             ... on level 3 of the Dungeon.
             The game lasted 00:05:31 (2972 turns).

HessuHobo the Conjurer (Deep Elf Conjurer)          Turns: 2972, Time: 00:05:31

Health: -3/28      AC:  2    Str:  6      XL:     5   Next: 44%
Magic:  2/11       EV: 13    Int: 18 (20) God:
Gold:   104        SH:  0    Dex: 14 (15) Spells: 2 memorised, 7 levels left

rFire  . . .     SeeInvis .     d - +0 war axe
rCold  + . .     Gourm    .     a - +0 robe
rNeg   . . .     Faith    .     (no shield)
rPois  .         Spirit   .     (no helmet)
rElec  .         Reflect  .     (no cloak)
rCorr  .         Harm     .     (no gloves)
MR     .....                    (no boots)
Stlth  ++........               (no amulet)
                                (no ring)
                                (no ring)

@: no status effects
A: talons 1, cold resistance 1, slow regeneration 1
a: no special abilities


You were on level 3 of the Dungeon.
You were not hungry.

You visited 1 branch of the dungeon, and saw 3 of its levels.

You collected 104 gold pieces.

Inventory:

Hand Weapons
 d - a +0 war axe (weapon)
 f - a +0 dagger
Armour
 a - a +0 robe (worn)
Scrolls
 e - a scroll of identify
 g - a scroll of amnesia
 h - a scroll of remove curse
Books
 b - a book of Conjurations

   Spells                             Type                      Level
   a - Magic Dart                     Conjuration                  1
   b - Searing Ray                    Conjuration                  2
   c - Dazzling Spray                 Conjuration/Hexes            3
   d - Fulminant Prism                Conjuration/Hexes            4
   e - Iskenderun's Mystic Blast      Conjuration                  4
   f - Iskenderun's Battlesphere      Conjuration/Charms           5
Comestibles
 c - a bread ration
 k - a meat ration
 l - 5 fruits


   Skills:
 + Level 0.2 Axes
 - Level 2.4 Dodging
 - Level 2.4 Stealth
 - Level 3.0 Spellcasting
 + Level 7.4 Conjurations


You had 7 spell levels left.
You knew the following spells:

 Your Spells              Type           Power        Failure   Level  Hunger
a - Magic Dart            Conj           ####         1%          1    None
b - Searing Ray           Conj           ####..       1%          2    ##.....


Dungeon Overview and Level Annotations

Branches:
Dungeon (3/15)

Altars:


Innate Abilities, Weirdness & Mutations

You have sharp toenails.
Your flesh is cold resistant. (rC+)
You regenerate slowly when monsters are visible.


Message History

You completely miss the ooze.
The ooze is heavily wounded.
The orc closely misses you. The ooze hits you but does no damage.
You barely miss the ooze. You claw the ooze, but do no damage.
The ooze is heavily wounded.
The orc closely misses you. The ooze hits you. The orc misses you.
The ooze closely misses you.
You barely miss the ooze. You claw the ooze, but do no damage.
The ooze is moderately wounded.
You closely miss the orc. The orc hits you with a war axe.
The orc wizard points at you and mumbles some strange words.
The magic dart hits you! The orc completely misses you. The ooze hits you.
You aren't carrying any potions.
Okay, then.
The orc wizard gestures at you while chanting.
The magic dart hits you!
* * * LOW HITPOINT WARNING * * *
The orc barely misses you.
The orc hits you from afar with a trident!
You die...

........#......#.....##..
#..†..#......#.........
#.....#......#.........
#.....#................
+......................
####.......#......###..
#.o.o...#......#....
####.o.....###...##.##.
#$...J@..........# #.
....................#
...................#..
...................#..
...................
.................
........##.####.. .#.....
.. ##


You could see an orc wizard, an ooze and 2 orcs.

Vanquished Creatures
  The ghost of HessuHobo the Conjurer, an amateur DECj (D:3)
  5 adders (D:2)
  2 oozes
  A worm (D:2)
  2 dart slugs
  A leopard gecko (D:1)
  9 orcs
  8 bats
  4 giant cockroaches
  5 goblins
  5 hobgoblins
  A quokka (D:2)
  2 ball pythons
  2 frilled lizards (D:1)
  6 kobolds
  6 rats
60 creatures vanquished.

Notes
Turn   | Place    | Note
-------+----------+-------------------------------------------
     0 | D:1      | HessuHobo the Deep Elf Conjurer began the quest for the Orb.
     0 | D:1      | Reached XP level 1. HP: 10/10 MP: 6/6
   138 | D:1      | Reached XP level 2. HP: 15/15 MP: 6/8
   244 | D:1      | Reached skill level 5 in Conjurations
   731 | D:1      | Reached XP level 3. HP: 19/19 MP: 4/9
  1421 | D:2      | Reached skill level 6 in Conjurations
  1585 | D:2      | Reached XP level 4. HP: 24/24 MP: 3/10
  2417 | D:2      | Gained mutation: You have sharp toenails. [potion of mutation]
  2417 | D:2      | Gained mutation: You regenerate slowly when monsters are visible. [potion of mutation]
  2417 | D:2      | Gained mutation: Your flesh is cold resistant. (rC+) [potion of mutation]
  2601 | D:2      | Learned a level 2 spell: Searing Ray
  2863 | D:3      | Noticed HessuHobo's ghost (amateur DECj)
  2875 | D:3      | Killed HessuHobo's ghost
  2875 | D:3      | Reached skill level 7 in Conjurations
  2875 | D:3      | Reached XP level 5. HP: 25/28 MP: 4/11
  2972 | D:3      | Slain by an orc

Skill      XL: |  1  2  3  4 |
---------------+-------------+-----
Conjurations   | 5 6 7 |  7.4
Axes           | |  0.2
Dodging        | |  2.4
Stealth        | |  2.4
Spellcasting   | |  3.0

Action                   |  1- 3 |  4- 6 || total
-------------------------+-------+-------++-------
Melee: Dagger            |    13 |       ||    13
       War axe           |       |     9 ||     9
       Kick              |       |     3 ||     3
 Cast: Magic Dart        |    74 |    67 ||   141
  Use: Potion            |       |     6 ||     6
       Scroll            |       |     3 ||     3
  Eat: Chunk             |     2 |     3 ||     5
       Fruit             |       |     1 ||     1
Armor: Robe              |     2 |     6 ||     8
Dodge: Dodged            |    20 |    30 ||    50
